 Dungeon Crawl Stone Soup version 0.31-a0-152-g6aa68a64a1 (webtiles) character file.

Game seed: 15816307593556259075

16 qw the Shooter (level 2, -2/26 HPs)
             Began as a Naga Hunter on June 11, 2023.
             Succumbed to an adder's poison
             ... on level 2 of the Dungeon.
             The game lasted 00:00:15 (771 turns).

qw the Shooter (Naga Hunter)                         Turns: 771, Time: 00:00:16

Health: -2/26      AC:  2    Str: 13    XL:     2   Next: 54%
Magic:  2/2        EV:  9    Int:  9    God:
Gold:   12         SH:  0    Dex: 14    Spells: 1/1 levels left

rFire   . . .        Y - +0 shortbow
rCold   . . .        (shield currently unavailable)
rNeg    . . .        c - +0 leather armour
rPois   +            (no helmet)
rElec   .            (no cloak)
rCorr   .            (no gloves)
SInv    +            (no barding)
Will    .....        (no amulet)
Stlth   ++           (no ring)
HPRegen 0.24/turn    (no ring)
MPRegen 0.08/turn

%: no passive effects
@: lethally poisoned (-2 -> -11), very slow
A: AC +0, large, see invisible, deformed body, poison resistance, slowness 2,
spit poison 1, naga tail 1
a: Spit Poison


You were on level 2 of the Dungeon.
You visited 1 branch of the dungeon, and saw 2 of its levels.

You collected 12 gold pieces.


Innate Abilities, Weirdness & Mutations

Your serpentine skin is tough. (AC +0)
You have supernaturally acute eyesight. (SInv)
Armour fits poorly on your strangely shaped body.
Your system is resistant to poisons. (rPois)
You cover ground very slowly.
You can spit poison.
You have a snake-like lower body.


   Skills:
 - Level 2.0 Fighting
 + Level 4.2 Ranged Weapons
 - Level 1.5 Dodging
 - Level 1.5 Stealth


You had one spell level left.
You didn't know any spells.
Your spell library was empty.

Inventory:

Hand Weapons
 Y - a +0 shortbow (weapon)
Armour
 c - a +0 leather armour (worn)
Potions
 a - a potion of mutation {unknown}
 e - a potion of ambrosia {unknown}
 h - a potion of cancellation {unknown}

Dungeon Overview and Level Annotations

Branches:
Dungeon (2/15)

Altars:


Message History

Press: ? - help, Shift-Dir - straight line, f - adder The splash of poison hits the adder.
The adder is moderately wounded.
You shoot an arrow. The arrow misses the adder.
The endoplasm quivers.
The adder bites you.
You are poisoned.
The adder poisons you!
You shoot an arrow.
The arrow hits the adder but does no damage.
The adder is moderately wounded.
You feel sick. The adder closely misses you. x2
You shoot an arrow. The arrow barely misses the adder.
You feel sick. The adder bites you.
You are more poisoned.
The adder poisons you!
You shoot an arrow. The arrow hits the adder.
The adder is severely wounded.
You have got your breath back.
You feel sick. The adder bites you but does no damage. The adder bites you.
You are more poisoned.
The adder poisons you!
768 ||| INVOKING Spit Poison.
Aiming: Spit Poison (2% risk of failure)
Press: ? - help, Shift-Dir - straight line, f/p - adder The splash of poison misses the adder.
You feel very sick. The adder bites you.
You are more poisoned.
The adder poisons you!
You shoot an arrow. The arrow hits the adder.
The adder is almost dead.
You feel very sick. The adder barely misses you. The adder closely misses you.
You shoot an arrow. The arrow closely misses the adder.
You feel very sick. The adder misses you.
You shoot an arrow. The arrow barely misses the adder.
You have got your breath back.
You die...

#.# #.# #.# #..
#.# #.# # #.#
#.# ##..###.#
#.# ...(.JS.#
#.# #@# #.# #
#(#####.####.#.
#.........>....
#######......#.
#<####.# #.#
#.# ... #.#


You could see an adder and an endoplasm.

Vanquished Creatures
  A bat (D:1)
  4 endoplasms
  2 goblins (D:1)
  A hobgoblin (D:1)
  A ball python (D:1)
  2 frilled lizards (D:1)
  A kobold (D:1)
  3 rats (D:1)
15 creatures vanquished.

Notes
Turn   | Place    | Note
-------+----------+-------------------------------------------
     0 | D:1      | qw the Naga Hunter began the quest for the Orb.
     0 | D:1      | Reached XP level 1. HP: 19/19 MP: 1/1
     0 | D:1      | 0 ||| qw: Version: 0.2-a-29-g99eb96e
     0 | D:1      | 0 ||| qw: Game counter: 4091
     0 | D:1      | 0 ||| qw: Always use a shield: true
     0 | D:1      | 0 ||| qw: God list: Okawaru
     0 | D:1      | 0 ||| qw: Allow faded altars: false
     0 | D:1      | 0 ||| qw: Do Orc after D:15 true
     0 | D:1      | 0 ||| qw: Do second Lair branch before Depths: true
     0 | D:1      | 0 ||| qw: Lair rune preference: random
     0 | D:1      | 0 ||| qw: Plans: Normal
     0 | D:1      | 0 ||| PLANNING D:1-11
    59 | D:1      | 59 ||| INVOKING Spit Poison.
    64 | D:1      | 64 ||| INVOKING Spit Poison.
    69 | D:1      | 69 ||| INVOKING Spit Poison.
   150 | D:1      | 150 ||| INVOKING Spit Poison.
   160 | D:1      | 160 ||| INVOKING Spit Poison.
   163 | D:1      | 163 ||| INVOKING Spit Poison.
   233 | D:1      | 233 ||| INVOKING Spit Poison.
   234 | D:1      | Reached skill level 4 in Ranged Weapons
   234 | D:1      | Reached XP level 2. HP: 26/26 MP: 2/2
   412 | D:1      | 412 ||| INVOKING Spit Poison.
   528 | D:1      | 528 ||| INVOKING Spit Poison.
   537 | D:1      | 537 ||| INVOKING Spit Poison.
   721 | D:1      | 721 ||| READING scroll labelled NIASMY RAUGG.
   722 | D:1      | 722 ||| READING scroll labelled MYATTE CAADI.
   723 | D:1      | 723 ||| DRINKING 2 inky potions.
   724 | D:1      | 724 ||| DROPPING scroll of butterflies.
   725 | D:1      | 725 ||| DROPPING potion of invisibility.
   763 | D:2      | 763 ||| INVOKING Spit Poison.
   768 | D:2      | 768 ||| INVOKING Spit Poison.
   769 | D:2      | HP: 4/26 [poisoned by an adder]
   770 | D:2      | HP: 1/26 [poisoned by an adder]
   771 | D:2      | Succumbed to an adder's poison

Levels and vault maps discovered:
D:1:      matt_arrival_diagonals, layout_basic, minmay_octomino_j4
D:2:      layout_loops_ring, chequers_serial_rivers_micro_e, nrook_mini_vaults

Skill      XL: |  1 |
---------------+----+-----
Ranged Weapons | 4 |  4.2
Fighting       | |  2.0
Dodging        | |  1.5
Stealth        | |  1.5

Action                     || total
---------------------------++-------
   Fire: Shortbow          ||    42
Ability: Spit Poison       ||    12
    Use: Scroll            ||     2
         Potion            ||     1
 Armour: Leather armour    ||     4
  Dodge: Dodged            ||    17

Table legend:
 A = Non-vault XP
 B = Vault XP
 C = Vault XP percentage of total XP
 D = Non-vault monster count
 E = Vault monster count
 F = Vault count percentage of total count
                 A         B        C        D         E       F
            +---------+---------+-------+---------+---------+-------
      Total |      19 |       4 |  17.4 |      12 |       3 |  20.0
            +---------+---------+-------+---------+---------+-------
        D:1 |      17 |       4 |  19.0 |      11 |       3 |  21.4
        D:2 |       2 |       0 |   0.0 |       1 |       0 |   0.0
            +---------+---------+-------+---------+---------+-------
